 Seeded DCSS version 0.30.0-5-g1a98f26d00 (webtiles) character file.

Game seed: 2 (custom seed)

3731 Kazon the Knight (level 9, -2/68 HPs)
             Began as a Demonspawn Fighter on May 8, 2023.
             Was a Priest of Okawaru.
             Slain by a steam dragon (6 damage)
             ... on level 8 of the Dungeon.
             The game lasted 00:35:21 (6306 turns).

Kazon the Knight (Demonspawn Fighter)               Turns: 6306, Time: 00:35:21

Health: -2/68      AC: 10    Str: 16    XL:     9   Next: 92%
Magic:  11/13      EV: 17    Int: 12    God:    Okawaru [***...]
Gold:   319        SH:  7    Dex: 21    Spells: 8/8 levels left

rFire   . . .        P - +4 falchion
rCold   . . .        c - +0 buckler
rNeg    . . .        J - +0 leather armour of Ignis, Dancing {Regen+}
rPois   .            C - +2 hat
rElec   .            (no cloak)
rCorr   .            a - +1 pair of gloves
SInv    .            u - +0 pair of boots
Will    .....        (no amulet)
Stlth   +++++++      B - ring of flight
HPRegen 1.11/turn    (no ring)
MPRegen 0.13/turn

%: no passive effects
@: heroic, flying
A: horns 1, thin skeletal structure 3, foul stench 1
a: Renounce Religion, Heroism


You were on level 8 of the Dungeon.
You worshipped Okawaru.
Okawaru was most pleased with you.
You visited 2 branches of the dungeon, and saw 9 of its levels.

You collected 462 gold pieces.
You spent 143 gold pieces at shops.

Inventory:

Hand Weapons
 e - a +1 dagger of electrocution
 s - a +1 heavy long sword
 y - a +2 short sword of speed
 P - a +4 falchion (weapon)
Missiles
 g - a stone
 l - 34 poisoned darts (quivered)
 G - 5 boomerangs
 K - 3 boomerangs of dispersal
Armour
 a - a +1 pair of gloves (worn)
 c - a +0 buckler (worn)
 m - the +0 pair of fencer's gloves {Riposte Dex+3}
   (You acquired it on level 1 of the Dungeon)

   Riposte:   It allows the wearer to riposte with melee weapons, swiftly
   retaliating against missed or blocked melee attacks.
   Dex:       It affects your dexterity (+3).
 u - a +0 pair of boots (worn)
 C - a +2 hat (worn)
 J - the +0 leather armour of Ignis, Dancing (worn) {Regen+}
   (You found it on level 5 of the Dungeon)

   Regen:     It increases your rate of health regeneration.
Jewellery
 B - a ring of flight (left hand)
Wands
 o - a wand of flame (53)
 A - a wand of digging (9)
 M - a wand of paralysis (11)
Scrolls
 h - 3 scrolls of magic mapping {unknown}
 i - 4 scrolls of identify
 n - 3 scrolls of fear
 p - 3 scrolls of teleportation
 x - a scroll of fog {unknown}
 D - 2 scrolls of blinking {unknown}
 F - 2 scrolls of enchant weapon {unknown}
 I - a scroll of enchant armour {unknown}
 N - a scroll of poison {unknown}
 O - a scroll of immolation {unknown}
Potions
 b - 2 potions of berserk rage {unknown}
 d - 5 potions of might
 f - a potion of lignification
 j - a potion of attraction {unknown}
 k - a potion of heal wounds
 q - 2 potions of curing {unknown}
 r - a potion of resistance {unknown}
 t - 2 potions of magic {unknown}
 v - 3 potions of degeneration {unknown}
 w - 2 potions of flight {unknown}
 z - 2 potions of ambrosia
 E - 2 potions of invisibility
 H - a potion of cancellation {unknown}
 L - 2 potions of mutation {unknown}


   Skills:
 + Level 5.2(10.2) Fighting
 + Level 3.2(9.4) Short Blades
 + Level 4.8(10.2) Long Blades
 + Level 4.1(9.1) Throwing
 + Level 4.6(9.6) Armour
 + Level 2.9(7.9) Dodging
 + Level 4.4(9.4) Stealth
 + Level 4.4(9.4) Shields
 * Level 6.0 Invocations
 * Level 5.6 Evocations


You had 8 spell levels left.
You didn't know any spells.
Your spell library contained the following spells:

 Spells                   Type           Power      Damage    Failure   Level
 Sting                    Tmut/Pois      0%         1d3       43%         1
 Cigotuvi's Dreadful Rot  Necr/Pois/Air  0%         N/A       56%         2
 Lesser Beckoning         Tloc           0%         N/A       56%         2
 Static Discharge         Conj/Air       0%         2-2/arc   56%         2
 Gell's Gravitas          Tloc           0%         N/A       80%         3
 Stone Arrow              Conj/Erth      0%         3d7       80%         3
 Teleport Other           Tloc           0%         N/A       80%         3
 Airstrike                Air            0%         2d(0-16)  99%         4
 Dispel Undead            Necr           0%         3d6       99%         4
 Orb of Destruction       Conj           0%         9d5       100%        7
 Lehudib's Crystal Spear  Conj/Erth      0%         10d2      100%        8
 Summon Guardian Golem    Hex/Summ       Unusable   N/A       N/A         3
 Animate Armour           Summ/Erth      Unusable   N/A       N/A         4
 Summon Lightning Spire   Summ/Air       Unusable   N/A       N/A         4
 Death Channel            Necr           Unusable   N/A       N/A         6
 Spellforged Servitor     Conj/Summ      Unusable   N/A       N/A         7

Dungeon Overview and Level Annotations

Branches:
Dungeon (8/15)             Temple (1/1) D:5
   Lair: D:8-11

Altars:
Ashenzari
Cheibriados
Dithmenos
Fedhas
Gozag
Hepliaklqana
Makhleb
Nemelex Xobeh
Okawaru
Qazlal
Ru
Sif Muna
Trog
Uskayaw
Vehumet
Wu Jian
Xom
Yredelemnul

Shops:
D:4 :   D:5 ?

Annotations:
D:3 1 runed translucent door, Crazy Yiuf
D:8 Prince Ribbit


Innate Abilities, Weirdness & Mutations

You have a pair of small horns on your head.
You have an unnaturally thin skeletal structure. (Dex +6, Stealth+++)
You may rarely emit foul miasma when damaged in melee.


Message History

You hit the steam dragon but do no damage.
The steam dragon is lightly wounded.
The centaur hits you.
The centaur kicks you but does no damage.
The steam dragon bites you. The steam dragon misses you.
The centaur barely misses you.
The centaur kicks you but does no damage.
The centaur hits you but does no damage.
The centaur kicks you. The steam dragon bites you. The steam dragon claws you.
You barely miss the steam dragon.
The steam dragon is lightly wounded.
The centaur closely misses you. The centaur barely misses you.
The steam dragon breathes steam at you. The ball of steam hits you!
* * * LOW HITPOINT WARNING * * *
The centaur barely misses you. You block the centaur's attack.
The steam dragon barely misses you. You block the steam dragon's attack.
The centaur hits you but does no damage.
The centaur misses you. The centaur hits you.
* * * LOW HITPOINT WARNING * * *
The centaur kicks you but does no damage.
You block the steam dragon's attack. The steam dragon misses you.
You see here a +0 flail of draining.
You barely miss the steam dragon.
The steam dragon is lightly wounded.
The centaur closely misses you. The centaur barely misses you.
The centaur hits you.
* * * LOW HITPOINT WARNING * * *
The centaur completely misses you. The steam dragon bites you.
* * * LOW HITPOINT WARNING * * *
The steam dragon closely misses you. The centaur barely misses you.
The centaur kicks you but does no damage.
P - a +4 falchion (weapon)
You block the steam dragon's attack. The steam dragon misses you.
You gain the combat prowess of a mighty hero.
The centaur hits you but does no damage.
The centaur kicks you but does no damage.
The steam dragon bites you.
You die...

#........###.........##
##..<.......#.........#
##.##.....##.........#
####......#..........
###...............
#####.............. #.#
##.............
###ยง####.............
#..)@................
##.Dc................
#.((.##...#.........
###.(..#..#.........
##...#.#..........
##(.#............
#........#.....
#.............
####....#


You could see a steam dragon and a centaur.

Vanquished Creatures
  Maggie (D:6)
  A troll (D:7)
  A hornet (D:8)
  2 steam dragons
  Edmund (D:5)
  An acid dragon (D:6)
  An orc warrior (D:8)
  An ice beast (D:6)
  3 ogres
  A centaur (D:7)
  A phantom (D:5)
  A bullfrog (D:7)
  A kobold brigand (D:7)
  A gnoll sergeant (D:5)
  3 scorpions
  5 wights
  A howler monkey (D:5)
  6 hounds
  6 jellies
  An orc priest (D:6)
  A gnoll bouda (D:4)
  A sleepcap (D:7)
  Jessica (D:3)
  13 orc wizards
  Natasha (D:1)
  4 iguanas
  Robin (D:3)
  9 gnolls
  10 adders
  A shadow imp (D:7)
  3 white imps
  2 worms
  5 dart slugs
  27 orcs
  6 ball pythons
  6 endoplasms
  5 giant cockroaches
  13 goblins
  8 hobgoblins
  12 kobolds
  5 quokkas
  5 bats
  3 frilled lizards
  4 rats
185 creatures vanquished.

Vanquished Creatures (others)
  An iguana (D:7)
  An orc (D:8)
2 creatures vanquished.

Grand Total: 187 creatures vanquished

Notes
Turn   | Place    | Note
-------+----------+-------------------------------------------
     0 | D:1      | Kazon the Demonspawn Fighter began the quest for the Orb.
     0 | D:1      | Reached XP level 1. HP: 18/18 MP: 1/1
   176 | D:1      | Found a faded altar of an unknown god.
   185 | D:1      | Got Plato's Compilation of Poisoning
   245 | D:1      | Gained mutation: You may rarely emit foul miasma when
                  | damaged in melee. [demonic ancestry]
   245 | D:1      | Reached XP level 2. HP: 24/24 MP: 2/2
   396 | D:1      | Reached skill level 1 in Stealth
   914 | D:1      | Gained mutation: You have a somewhat thin skeletal
                  | structure. (Dex +2, Stealth+) [demonic ancestry]
   914 | D:1      | Reached XP level 3. HP: 29/29 MP: 3/3
  1129 | D:1      | Identified a scroll of acquirement
  1129 | D:1      | Acquired the +0 pair of fencer's gloves {Riposte Dex+3}
  1129 | D:1      | Found the +0 pair of fencer's gloves {Riposte Dex+3}
  1208 | D:2      | Noticed Natasha
  1221 | D:1      | Killed Natasha
  1314 | D:2      | Reached skill level 1 in Throwing
  1363 | D:2      | Gained mutation: You have a moderately thin skeletal
                  | structure. (Dex +4, Stealth++) [demonic ancestry]
  1363 | D:2      | Reached XP level 4. HP: 30/35 MP: 4/4
  1873 | D:3      | Found a shimmering altar of Xom.
  1873 | D:3      | Found a shimmering altar of Xom.
  1876 | D:3      | Found a shimmering altar of Xom.
  1876 | D:3      | Found a shimmering altar of Xom.
  1989 | D:3      | Noticed Robin
  2039 | D:3      | Killed Robin
  2120 | D:3      | Noticed Jessica
  2126 | D:3      | Killed Jessica
  2127 | D:3      | Gained mutation: You have an unnaturally thin skeletal
                  | structure. (Dex +6, Stealth+++) [demonic ancestry]
  2127 | D:3      | Reached XP level 5. HP: 38/41 MP: 5/5
  2129 | D:3      | Reached skill level 1 in Dodging
  2363 | D:3      | Reached skill level 1 in Short Blades
  2677 | D:3      | Found a runed translucent door.
  2678 | D:3      | Noticed Crazy Yiuf
  2899 | D:4      | Reached XP level 6. HP: 47/47 MP: 6/6
  2919 | D:4      | Reached skill level 1 in Evocations
  3258 | D:4      | Found a sacrificial altar of Ru.
  3304 | D:4      | Gained mutation: You have a pair of small horns on your
                  | head. [demonic ancestry]
  3304 | D:4      | Reached XP level 7. HP: 52/52 MP: 7/7
  3501 | D:4      | Found Jeusoc's Book Shop.
  4029 | D:5      | Entered Level 5 of the Dungeon
  4095 | D:5      | Found Oledinn's Magic Scroll Shoppe.
  4101 | D:5      | Bought a scroll of fear for 52 gold pieces
  4101 | D:5      | Bought a scroll of teleportation for 39 gold pieces
  4101 | D:5      | Bought a scroll of identify for 26 gold pieces
  4101 | D:5      | Bought a scroll of identify for 26 gold pieces
  4104 | D:5      | Found a staircase to the Ecumenical Temple.
  4107 | D:5      | Noticed Edmund
  4114 | Temple   | Entered the Ecumenical Temple
  4158 | Temple   | Became a worshipper of Warmaster Okawaru
  4378 | D:5      | Reached skill level 1 in Invocations
  4415 | D:5      | Reached XP level 8. HP: 48/60 MP: 9/9
  4430 | D:5      | Reached skill level 2 in Invocations
  4451 | D:5      | Reached * piety under Okawaru
  4564 | D:5      | Killed Edmund
  4679 | D:5      | Identified the +0 leather armour of Ignis, Dancing {Regen+}
  4806 | D:6      | Noticed Maggie
  4821 | D:6      | Killed Maggie
  4822 | D:6      | Reached skill level 3 in Invocations
  4938 | D:6      | Reached skill level 4 in Invocations
  5209 | D:6      | Reached ** piety under Okawaru
  5210 | D:6      | Reached XP level 9. HP: 66/66 MP: 12/12
  5492 | D:7      | Reached skill level 5 in Invocations
  5492 | D:7      | Reached skill level 5 in Evocations
  5515 | D:6      | HP: 1/59 [wight/+0 great sword (4)]
  5651 | D:7      | Reached skill level 5 in Fighting
  5955 | D:7      | Noticed a troll
  5962 | D:7      | Killed a troll
  5962 | D:7      | Reached *** piety under Okawaru
  6292 | D:8      | Reached skill level 6 in Invocations
  6294 | D:8      | Noticed Prince Ribbit
  6304 | D:8      | HP: 3/68 [steam dragon (5)]
  6306 | D:8      | Slain by a steam dragon

Illustrated notes

Levels and vault maps discovered:
D:1:      dpeg_arrival_lava_altar, layout_basic,
          shapermc_ecumenical_altar_rom_forum
D:2:      layout_rooms, solitary_fountain, minmay_tromino_v4_a, uniq_natasha
D:3:      minmay_diamond_boxcup, layout_loops_ring, xom_redecorated,
          uniq_jessica, uniq_crazy_yiuf_cottage, uniq_robin
D:4:      layout_basic, mainiacjoe_overflow_boulevard, serial_shops, shop
D:5:      layout_rooms, minmay_temple_entry_offerings, serial_shops, shop,
          uniq_edmund
D:6:      minmay_flawed_box, layout_basic, minivault_4, uniq_maggie
D:7:      layout_gridville
D:8:      layout_cave_pools, uniq_joseph, uniq_prince_ribbit1, uniq_amaemon,
          uniq_maurice
Temple:   hellmonk_temple_of_storms

Skill      XL: |  1  2  3  4  5  6  7  8  9 |
---------------+----------------------------+-----
Stealth        | 1 2 3 4 |  4.4
Armour         | 3 4 |  4.6
Long Blades    | 2 3 4 |  4.8
Throwing       | 1 2 3 4 |  4.1
Dodging        | 1 2 |  2.9
Shields        | 3 4 |  4.4
Short Blades   | 1 2 3 |  3.2
Evocations     | 1 3 4 5 |  5.6
Invocations    | 1 4 6 |  6.0
Fighting       | 4 5 |  5.2

Action                     |  1- 3 |  4- 6 |  7- 9 || total
---------------------------+-------+-------+-------++-------
  Melee: Long sword        |   102 |    13 |   147 ||   262
         Dagger            |       |    87 |   100 ||   187
         Short sword       |       |    78 |       ||    78
         Headbutt          |       |       |    54 ||    54
         Falchion          |       |       |     2 ||     2
  Throw: Stone             |     5 |    22 |    20 ||    47
         Dart              |       |     3 |    50 ||    53
         Boomerang         |       |       |     9 ||     9
 Invoke: Heroism           |       |       |     2 ||     2
  Evoke: Wand              |       |     1 |    12 ||    13
    Use: Scroll            |     1 |       |     3 ||     4
         Potion            |       |     1 |       ||     1
   Stab: Held in net/web   |     1 |       |       ||     1
         Sleeping          |       |    18 |    12 ||    30
         Distracted        |       |     1 |       ||     1
 Armour: Scale mail        |    56 |    49 |    25 ||   130
         Leather armour    |       |       |    74 ||    74
         Plate armour      |       |       |     8 ||     8
  Dodge: Dodged            |    42 |    56 |   142 ||   240
  Block: Buckler           |    23 |    42 |    80 ||   145
Riposte: Long sword        |     5 |     7 |     5 ||    17
         Dagger            |       |    17 |    10 ||    27
         Short sword       |       |    11 |       ||    11
